 Dungeon Crawl Stone Soup version 0.31.0-11-ge490571c62 (webtiles) character file.

Game seed: 2225210589709759023

142 zenocrate the Sneak (level 5, -2/21 (24) HPs)
             Began as a Vine Stalker Enchanter on Jan 29, 2024.
             Slain by Crazy Yiuf
             ... wielding a +4 quarterstaff of chaos
              (3 damage)
             ... on level 3 of the Dungeon.
             The game lasted 00:02:51 (2081 turns).

zenocrate the Sneak (Vine Stalker Enchanter)        Turns: 2081, Time: 00:02:52

HP:   -2/21 (24)    AC:  4    Str: 11    XL:     5   Next: 24%
MP:   0/9           EV: 13    Int: 15    God:
Gold: 207           SH:  0    Dex: 22    Spells: 3/8 levels left

rFire   . . .        a - +1 dagger
rCold   . . .        (no shield)
rNeg    . . .        b - +0 robe
rPois   .            (no helmet)
rElec   .            (no cloak)
rCorr   .            j - +0 pair of gloves
SInv    .            s - +0 pair of boots
Will    .....        (no amulet)
Stlth   +++          m - +6 ring of dexterity
HPRegen 1.03/turn    (no ring)
MPRegen 0.11/turn

%: guardian spirit
@: confusing by touch, heavily drained
A: fangs 2, regeneration 1, magic shield, antimagic bite, no potion heal 2
a: no special abilities


You were on level 3 of the Dungeon.
You visited 1 branch of the dungeon, and saw 3 of its levels.

You collected 207 gold pieces.

Inventory:

Hand Weapons
 a - a +1 dagger (weapon)
Missiles
 r - a throwing net (quivered)
Armour
 b - a +0 robe (worn)
 j - a +0 pair of gloves (worn)
 s - a +0 pair of boots (worn)
Jewellery
 m - a +6 ring of dexterity (left hand)
Scrolls
 d - a scroll of enchant weapon {unknown}
 e - a scroll of enchant armour {unknown}
 g - a scroll of silence {unknown}
 h - 3 scrolls of teleportation {unknown}
 l - 2 scrolls of fog {unknown}
 n - a scroll of blinking {unknown}
Potions
 c - 2 potions of invisibility
 f - 3 potions of curing
 i - a potion of berserk rage
 k - 2 potions of cancellation {unknown}
 o - a potion of lignification {unknown}
 p - a potion of mutation {unknown}
 q - a potion of haste {unknown}


   Skills:
 + Level 1.8 Short Blades
 * Level 2.7 Dodging
 + Level 4.5 Stealth
 - Level 2.1 Spellcasting
 + Level 3.6 Hexes
 + Level 1.4 Ice Magic


You had 3 spell levels left.
You knew the following spells:

 Your Spells              Type           Power      Damage    Failure   Level
a - Ensorcelled Hibernat  Hex/Ice        18%        N/A       12%         2
b - Confusing Touch       Hex            12%        N/A       14%         3

Your spell library contained the following spells:

 Spells                   Type           Power      Damage    Failure   Level
 Tukima's Dance           Hex            12%        N/A       14%         3
 Dazzling Flash           Conj/Hex       14%        N/A       30%         3


Dungeon Overview and Level Annotations

Branches:
Dungeon (3/15)

Altars:
Cheibriados
Fedhas
Hepliaklqana
Qazlal
Sif Muna
The Shining One

Shops:
D:3 (

Annotations:
D:3 Crazy Yiuf


Innate Abilities, Weirdness & Mutations

You have extremely sharp teeth.
Your natural rate of healing is unusually fast.
When hurt, damage is shared between your health and your magic reserves.
Your bite disrupts and absorbs the magic of your enemies.
Potions cannot restore your health.


Message History

Confirm with . or Enter, or press ? or * to list all spells.
Your hands begin to glow red.
Crazy Yiuf hits you with a +4 quarterstaff of chaos!
You feel drained.
Unknown command.
You closely miss Crazy Yiuf. You bite Crazy Yiuf. You drain his power.
You feel invigorated.
Crazy Yiuf is moderately wounded.
Unknown command.
Unknown command.
You barely miss Crazy Yiuf. You bite Crazy Yiuf. You drain his power.
You feel invigorated.
Crazy Yiuf is moderately wounded.
Crazy Yiuf hits you with a +4 quarterstaff of chaos!
You feel drained.
Unknown command.
Unknown command.
You hit Crazy Yiuf but do no damage. You bite Crazy Yiuf. You drain his power.
You feel invigorated.
Crazy Yiuf is moderately wounded.
Crazy Yiuf hits you with a +4 quarterstaff of chaos.
Unknown command.
Unknown command.
You closely miss Crazy Yiuf. You bite Crazy Yiuf, but do no damage.
Crazy Yiuf is moderately wounded.
Crazy Yiuf closely misses you.
Unknown command.
Unknown command.
You hit Crazy Yiuf but do no damage. You bite Crazy Yiuf, but do no damage.
Crazy Yiuf is moderately wounded.
Crazy Yiuf screams, "Lay poople bush!"
Crazy Yiuf closely misses you.
Unknown command.
Unknown command.
You closely miss Crazy Yiuf. Your bite misses Crazy Yiuf.
Crazy Yiuf is moderately wounded.
Crazy Yiuf hits you with a +4 quarterstaff of chaos!
* * * LOW HITPOINT WARNING * * *
Crazy Yiuf burns you.
You die...

#...#.# #+..+# #.....#....#
#...#.# #....# #..........#
#...#.# ##...# #.#........#
#...#.# ##.## #.#........#
#...#.# ##.# #.#.#+####.. #...#.#
#.## ###.#.###### #####.# ##.#
#..........# ######.# #.##
####.......# #......# #@#
#..........# #.#....# #.g.#
##.........# ####......# #...#
#.........# #....#....# #)..#
##.......... #.#.......# #####
#........... ##.#.#.....#
####........
#........<.###########.##........
####.#.....##............#####...
#.#.........#.###.#.#..###....


You could see Crazy Yiuf.

Vanquished Creatures
  7 adders
  2 ribbon worms
  4 dart slugs
  4 orcs (D:3)
  7 bats
  6 endoplasms
  3 giant cockroaches
  5 goblins
  8 hobgoblins
  3 quokkas (D:1)
  5 ball pythons
  2 frilled lizards
  3 kobolds
  2 rats (D:1)
61 creatures vanquished.

Notes
Turn   | Place    | Note
-------+----------+-------------------------------------------
     0 | D:1      | zenocrate the Vine Stalker Enchanter began the quest for
                  | the Orb.
     0 | D:1      | Reached XP level 1. HP: 9/9 MP: 4/4
    91 | D:1      | Reached skill level 1 in Short Blades
   124 | D:1      | Reached XP level 2. HP: 13/13 MP: 6/6
   127 | D:1      | Learned a level 2 spell: Ensorcelled Hibernation
   127 | D:1      | Found a faded altar of an unknown god.
   326 | D:1      | Reached skill level 4 in Stealth
   342 | D:1      | Reached XP level 3. HP: 16/16 MP: 5/7
   346 | D:1      | Learned a level 3 spell: Confusing Touch
   904 | D:2      | Reached XP level 4. HP: 21/21 MP: 6/8
   954 | D:2      | Reached skill level 1 in Ice Magic
  1567 | D:3      | Found a glowing golden altar of the Shining One.
  1568 | D:3      | Found a stormy altar of Qazlal.
  1569 | D:3      | Found a blossoming altar of Fedhas.
  1616 | D:3      | Found a snail-covered altar of Cheibriados.
  1687 | D:3      | Found Egymiaf's Antique Weapon Boutique.
  1698 | D:3      | Found a shimmering blue altar of Sif Muna.
  1764 | D:3      | Found a hazy altar of Hepliaklqana.
  1776 | D:3      | Reached XP level 5. HP: 24/24 MP: 4/9
  2068 | D:3      | Found a runed translucent door.
  2069 | D:3      | Noticed Crazy Yiuf
  2081 | D:3      | HP: 1/21 [Crazy Yiuf/+4 quarterstaff of chaos (9)]
  2081 | D:3      | Slain by Crazy Yiuf

Illustrated notes

Levels and vault maps discovered:
D:1:      saegor_arrival_simple_b, layout_basic,
          shapermc_ecumenical_altar_petra, minivault_23
D:2:      minmay_alternating_diamond, layout_basic
D:3:      layout_basic, nicolae_hepliaklqana_hazy_memory,
          cheibrodos_worm_habitat, mainiacjoe_overflow_concentric_impassable,
          grunt_temple_overflow_open, serial_shops,
          nicolae_shop_real_fake_doors, chequers_serial_rivers_small_b,
          uniq_crazy_yiuf_cottage

Skill      XL: |  1  2  3  4 |
---------------+-------------+-----
Short Blades   | 1 |  1.8
Dodging        | 2 |  2.7
Stealth        | 4 |  4.5
Ice Magic      | 1 |  1.4
Spellcasting   | |  2.1
Hexes          | |  3.6

Action                     |  1- 3 |  4- 6 || total
---------------------------+-------+-------++-------
  Melee: Dagger            |   125 |    84 ||   209
         Bite              |    31 |    25 ||    56
         Punch             |     1 |       ||     1
   Cast: Ensorcelled Hiber |       |    13 ||    13
         Confusing Touch   |       |     1 ||     1
    Use: Scroll            |     3 |       ||     3
   Stab: Sleeping          |     9 |     6 ||    15
 Armour: Robe              |    57 |    51 ||   108
  Dodge: Dodged            |    70 |    55 ||   125
